Map: Campi della morte

Players

MaTTDiLoN

  • Race: Protoss Protoss
  • League: Gold

Deucalion

  • Race: Terran Terran

Mørtebianca - Winner!

  • Race: Zerg Zerg
  • League: Diamond

Jhyrachy - Winner!

  • Race: Zerg Zerg
  • League: Silver

VOD

Have the link to the VOD?

Description

Time

  • Played on: Dec. 9, 2015, 2:13 p.m.
  • Length: 11:32
Show
View Real Time Build Order
Export as new Build Order

MaTTDiLoN Protoss 

Build Orders:  

Get SALT Encoding   

  12  0:01  Probe (Chrono Boost)  
  13  0:11  Probe (Chrono Boost)  
  14  0:23  Pylon  
  14  0:25  Probe (Chrono Boost)  
  15  0:42  Probe (Chrono Boost)  
  16  0:44  Forge  
  16  0:50  Gateway  
  16  0:54  Probe (Chrono Boost)  
  17  1:02  Assimilator  
  17  1:05  Probe (Chrono Boost)  
  18  1:16  Probe (Chrono Boost)  
  19  1:27  Probe (Chrono Boost)  
  20  1:37  Probe (Chrono Boost)  
  20  1:39  Cybernetics Core  
  21  1:45  Pylon  
  21  1:58  Pylon  
  21  2:08  Photon Cannon  
  21  2:16  Photon Cannon  
  21  2:26  Photon Cannon  
  21  2:28  Photon Cannon  
  21  2:56  Assimilator  
  21  2:57  Warp Gate  
  21  2:58  Zealot  
  23  3:03  Pylon  
  23  3:18  Probe (Chrono Boost)  
  24  3:23  Gateway  
  24  3:25  Gateway  
  24  3:28  Probe (Chrono Boost)  
  25  3:45  Probe (Chrono Boost)  
  25  3:53  Stargate  
  25  3:57  Stargate  
  25  4:00  Nexus, Probe (Chrono Boost)  
  26  4:21  Probe (Chrono Boost)  
  27  4:31  Probe (Chrono Boost)  
  28  4:42  Probe (Chrono Boost)  
  28  4:44  Pylon  
  29  4:49  Pylon  
  29  4:51  Protoss Air Weapons Level 1  
  30  4:53  Probe (Chrono Boost)  
  30  5:02  Void Ray  
  30  5:03  Probe (Chrono Boost)  
  35  5:14  Probe (Chrono Boost)  
  36  5:17  Probe (Chrono Boost)  
  36  5:20  Void Ray  
  41  5:24  Probe (Chrono Boost)  
  41  5:27  Assimilator, Probe (Chrono Boost)  
  43  5:32  Assimilator  
  43  5:35  Probe (Chrono Boost)  
  44  5:38  Probe (Chrono Boost)  
  45  5:45  Probe (Chrono Boost)  
  45  5:48  Probe (Chrono Boost)  
  45  5:49  Pylon  
  47  5:50  Pylon  
  47  5:56  Void Ray  
  51  6:00  Probe (Chrono Boost)  
  51  6:03  Sentry  
  54  6:14  Probe (Chrono Boost)  
  54  6:15  Probe (Chrono Boost)  
  56  6:19  Void Ray  
  56  6:25  Probe x2 (Chrono Boost)  
  62  6:30  Pylon  
  62  6:31  Pylon  
  62  6:35  Probe (Chrono Boost)  
  62  6:36  Probe (Chrono Boost)  
  64  6:46  Probe x2 (Chrono Boost), Void Ray  
  70  6:52  Protoss Air Armor Level 1 (Chrono Boost)  
  70  7:16  Pylon  
  70  7:19  Pylon  
  70  7:21  Void Ray  
  74  7:30  Fleet Beacon  
  74  7:42  Void Ray  
  78  7:54  Stargate  
  78  8:04  Void Ray, Pylon  
  82  8:25  Zealot x3  
  88  8:39  Void Ray x2  
  96  8:47  Void Ray  
  92  9:32  Void Ray x3  
  104  9:43  Gateway  
  104  9:49  Gateway  
  92  10:15  Void Ray  
  96  10:23  Zealot x3  
Show
View Real Time Build Order
Export as new Build Order

Deucalion Terran 

Build Orders: MMM Bio 

Get SALT Encoding   

  12  0:01  SCV  
  13  0:13  SCV  
  14  0:19  Supply Depot  
  14  0:25  SCV  
  15  0:40  SCV  
  16  0:45  Barracks  
  16  0:46  Refinery  
  16  0:52  SCV  
  17  1:03  Refinery  
  17  1:04  SCV  
  18  1:16  SCV  
  19  1:26  Barracks  
  19  1:28  SCV  
  20  1:39  Supply Depot  
  20  1:41  SCV  
  21  1:53  Marine  
  22  1:55  Factory  
  22  2:04  Orbital Command  
  22  2:23  Marine  
  23  2:33  SCV, Supply Depot  
  24  2:37  Marine  
  24  2:40  Factory Tech Lab  
  24  2:42  Barracks  
  25  3:08  Marine  
  25  3:09  Marine  
  25  3:10  Siege Tank  
  30  3:15  Starport  
  30  3:16  SCV, Engineering Bay  
  32  3:41  SCV  
  32  3:42  Siege Tank  
  32  3:46  Supply Depot  
  32  3:47  Terran Infantry Weapons Level 1  
  35  4:02  Marine  
  35  4:03  Marine x2  
  35  4:08  Supply Depot, Medivac  
  40  4:23  Command Center  
  40  4:35  Supply Depot  
  40  4:36  SCV  
  40  4:38  Medivac  
  43  4:48  Marine  
  46  4:54  Barracks Tech Lab  
  46  4:57  Barracks Tech Lab  
  44  5:07  Siege Tank  
  47  5:10  Starport Reactor  
  47  5:12  SCV  
  48  5:20  Supply Depot  
  48  5:33  Combat Shields  
  48  5:40  Stimpack  
  48  5:51  Orbital Command  
  48  5:53  SCV  
  48  5:56  Refinery  
  49  6:05  SCV  
  49  6:06  Medivac x2  
  49  6:10  Marine  
  49  6:11  Refinery, Marauder, Marine  
  58  6:15  Terran Infantry Armor Level 1  
  58  6:17  Supply Depot  
  58  6:18  SCV x2  
  60  6:28  Siege Tank  
  60  6:30  SCV  
  64  6:57  Medivac x2  
  68  7:09  SCV x2  
  70  7:21  SCV  
  62  8:18  SCV x2  
  64  8:25  Marine x3  
  67  8:30  SCV  
  39  9:15  Marine x3  
  42  9:23  Bunker  
  42  9:29  Siege Tank  
  42  9:30  Medivac  
  42  9:31  Medivac  
  49  9:33  Marine x2  
  49  9:34  Marauder  
  53  9:48  Refinery  
  37  10:49  Marine x2  
Show
View Real Time Build Order
Export as new Build Order

Mørtebianca Zerg - Winner!

Build Orders: 3 Hatch before Pool 

Get SALT Encoding   

  12  0:02  Drone  
  13  0:08  Drone  
  14  0:16  Overlord  
  15  0:35  Drone  
  15  0:36  Drone x2  
  17  0:59  Hatchery  
  17  1:01  Drone x2  
  18  1:28  Hatchery  
  18  1:30  Drone  
  18  1:31  Drone x2  
  20  1:45  Spawning Pool  
  20  1:46  Drone  
  20  1:55  Drone  
  21  2:03  Drone  
  22  2:29  Drone  
  23  2:34  Zergling x2  
  23  2:35  Zergling x6  
  27  3:01  Zergling x10  
  27  3:02  Zergling x4  
  30  3:06  Drone  
  31  3:15  Drone x2  
  31  3:16  Drone  
  31  3:18  Overlord  
  34  3:26  Drone x2  
  33  3:36  Queen x2  
  33  3:39  Drone x3  
  33  3:40  Drone  
  40  3:45  Drone x2  
  42  3:52  Overlord  
  42  3:56  Overlord x2  
  42  4:03  Overlord  
  42  4:14  Drone x3  
  45  4:18  Drone x2  
  45  4:20  Hatchery  
  45  4:23  Drone  
  47  4:31  Drone x2  
  49  4:33  Queen  
  49  4:36  Queen  
  53  4:39  Drone x3  
  53  4:44  Drone  
  53  4:57  Extractor  
  53  4:58  Drone x3, Extractor  
  53  4:59  Extractor  
  53  5:04  Drone x3  
  53  5:06  Drone x2  
  58  5:07  Drone x2  
  60  5:22  Drone x4  
  60  5:27  Drone x3  
  67  5:28  Extractor  
  67  5:29  Drone x3  
  69  5:38  Hatchery  
  68  5:49  Drone x3, Extractor x2  
  69  5:50  Drone  
  69  5:51  Drone x2  
  69  5:52  Drone x5  
  69  5:53  Drone  
  69  5:55  Lair  
  78  5:58  Metabolic Boost  
  78  6:01  Hatchery  
  77  6:04  Overlord x2  
  77  6:05  Overlord, Roach Warren  
  76  6:16  Drone  
  76  6:17  Drone x2  
  76  6:18  Overlord x2  
  79  6:24  Evolution Chamber  
  78  6:26  Evolution Chamber  
  77  6:40  Baneling Nest  
  77  6:43  Overlord x3  
  77  6:44  Overlord  
  76  6:52  Zerg Ground Armor Level 1, Zerg Missile Weapons Level 1  
  76  6:53  Glial Reconstitution  
  76  6:58  Hydralisk Den  
  76  7:00  Nydus Network  
  74  7:03  Roach  
  74  7:04  Roach x9  
  74  7:05  Roach  
  96  7:09  Roach x2  
  96  7:10  Roach  
  96  7:11  Roach  
  96  7:14  Drone x2  
  106  7:18  Extractor  
  106  7:19  Roach x2  
  106  7:22  Roach x2  
  113  7:23  Roach  
  113  7:28  Roach x2  
  113  7:29  Roach  
  121  7:39  Roach x5  
  131  7:48  Hydralisk x4  
  131  7:49  Hydralisk  
  141  7:59  Hydralisk x3, Roach  
  149  8:10  Muscular Augments  
  149  8:15  Nydus Canal  
  149  8:16  Hydralisk  
  149  8:17  Zergling x2  
  149  8:18  Zergling x18  
  161  8:21  Drone x2  
  161  8:24  Overlord  
  163  8:51  Hydralisk  
  163  8:52  Hydralisk x10  
  172  9:02  Hydralisk x5  
  171  9:11  Zerg Missile Weapons Level 2  
  171  9:16  Drone  
  172  9:19  Extractor  
  160  9:31  Hydralisk  
  160  9:32  Hydralisk x4  
  160  9:34  Drone  
  160  9:37  Overlord x5  
  171  9:46  Nydus Canal  
  171  9:54  Overlord x2  
  171  9:55  Hydralisk x7  
  171  9:59  Hydralisk  
  187  10:06  Hydralisk  
  177  10:32  Hydralisk x11  
  197  10:58  Hydralisk  
  197  11:02  Overlord x2  
  197  11:03  Overlord x2  
Show
View Real Time Build Order
Export as new Build Order

Jhyrachy Zerg - Winner!

Build Orders: Hatch First 

Get SALT Encoding   

  12  0:01  Drone  
  13  0:08  Drone  
  14  0:24  Extractor  
  14  0:25  Extractor  
  14  0:26  Drone x2  
  16  0:53  Overlord  
  16  0:57  Hatchery  
  15  1:12  Drone x3  
  18  1:21  Extractor  
  17  1:25  Spawning Pool  
  17  1:28  Drone  
  17  1:46  Drone x2  
  19  1:56  Overlord  
  19  2:14  Queen  
  21  2:17  Zergling x4  
  21  2:18  Zergling x2  
  21  2:21  Queen  
  26  2:24  Zergling x2  
  27  2:30  Zergling x2  
  24  3:07  Roach Warren  
  23  3:19  Drone  
  24  3:22  Zergling x4  
  24  3:50  Queen  
  26  4:01  Roach x4  
  34  4:05  Overlord x2  
  34  4:06  Overlord  
  34  4:24  Drone  
  35  4:35  Drone x2  
  35  4:36  Drone x6  
  43  4:55  Drone  
  43  4:56  Drone x2  
  46  5:12  Lair  
  46  5:17  Drone, Extractor  
  46  5:19  Drone  
  46  5:20  Drone x2  
  49  5:24  Drone x4  
  53  5:39  Overlord x2  
  53  5:53  Extractor  
  52  5:58  Drone  
  52  5:59  Drone x2  
  55  6:29  Evolution Chamber  
  55  6:31  Evolution Chamber  
  55  6:32  Hatchery  
  52  6:36  Extractor  
  52  6:37  Drone x2  
  52  6:39  Drone x3  
  56  6:42  Overlord x2  
  56  6:43  Overlord  
  56  6:47  Queen  
  56  6:51  Drone x2  
  56  6:52  Drone  
  61  6:59  Zerg Ground Armor Level 1, Zerg Missile Weapons Level 1  
  61  7:04  Burrow  
  61  7:05  Glial Reconstitution  
  61  7:19  Roach  
  61  7:20  Roach x10  
  77  7:49  Queen  
  79  7:56  Roach  
  78  8:06  Drone  
  79  8:23  Hatchery  
  77  8:36  Extractor  
  77  8:41  Extractor  
  75  8:44  Drone  
  75  8:45  Drone x2  
  78  9:13  Ravager x3  
  78  9:14  Lair, Ravager x2  
  83  9:42  Queen  
  85  9:48  Drone x3  
  85  9:50  Drone x2  
  82  10:19  Drone x4  
  86  10:32  Drone  
  86  10:39  Drone x5  
  86  10:40  Drone x9  
  86  10:48  Hatchery  
  85  11:13  Drone  
  85  11:14  Drone  
  85  11:16  Drone  
Tags
 
Add a new tag
Caveats
  • Supply blocks, unpowered buildings, or Contaminate may cause inaccurate times.
  • Supply counts are checked every 10 seconds.